 Dungeon Crawl Stone Soup version 0.31-a0-664-g902f515a81 (webtiles) character file.

Game seed: 4654093213695025641

10774 Midn8 the Destroyer (level 11, -10/97 HPs)
             Began as a Black Draconian Hedge Wizard on Sept 2, 2023.
             Was an Elder of Sif Muna.
             Mangled by a komodo dragon (12 damage)
             ... on level 8 of the Dungeon.
             The game lasted 01:03:09 (16578 turns).

Midn8 the Destroyer (Black Draconian Hedge Wizard) Turns: 16578, Time: 01:03:09

Health: -10/97     AC: 13    Str: 14    XL:     11   Next: 40%
Magic:  17/17      EV: 12    Int: 18    God:    Sif Muna [****..]
Gold:   581        SH:  0    Dex: 10    Spells: 5/18 levels left

rFire   + . .        B - +3 rapier (distort)
rCold   . . .        (no shield)
rNeg    + . .        (body armour unavailable)
rPois   .            b - +2 hat
rElec   +            (no cloak)
rCorr   .            w - +2 pair of gloves
SInv    .            L - +0 pair of boots
Will    .....        o - amulet of faith
Stlth   ++           t - ring of protection from fire
HPRegen 0.36/turn    p - ring of positive energy
MPRegen 0.15/turn

%: faith
@: channelling
A: breathe lightning, AC +7, unfitting armour, electricity resistance,
cold-blooded
a: Breathe Lightning, Renounce Religion, Channel Magic, Forget Spell, Divine
Exegesis


You were on level 8 of the Dungeon.
You worshipped Sif Muna.
Sif Muna was greatly pleased with you.
You visited 2 branches of the dungeon, and saw 11 of its levels.
You also visited: Sewer and Ossuary.

You collected 706 gold pieces.
You spent 125 gold pieces at shops.

Inventory:

Hand Weapons
 a - a +0 dagger
 i - a +0 falchion
 s - a +0 sling
 x - a +0 rapier of flaming
 B - a +3 rapier of distortion (weapon)
 R - the +7 staff of the Meek {protect, meekguard}
   (You found it on level 9 of the Dungeon)
Missiles
 v - 2 throwing nets
 D - 11 poisoned darts
 K - a curare-tipped dart
Armour
 b - a +2 hat (worn)
 w - a +2 pair of gloves (worn)
 L - a +0 pair of boots (worn)
Magical Staves
 r - a staff of earth
 I - a staff of conjuration
Jewellery
 h - an amulet of magic regeneration
 o - an amulet of faith (around neck)
 p - a ring of positive energy (right hand)
 t - a ring of protection from fire (left hand)
 y - a ring of positive energy
 Q - a +4 ring of protection
Wands
 d - a wand of polymorph (3)
 C - a wand of charming (6)
 P - a wand of roots (4)
Scrolls
 e - a scroll of torment
 f - 4 scrolls of fear
 j - 5 scrolls of revelation
 l - 12 scrolls of teleportation
 m - a scroll of amnesia {unknown}
 q - a scroll of acquirement {unknown}
 u - 2 scrolls of blinking
 F - a scroll of vulnerability
 M - a scroll of fog {unknown}
 N - a scroll of poison {unknown}
 O - a scroll of immolation {unknown}
 S - a scroll of brand weapon
Potions
 c - a potion of magic
 g - a potion of berserk rage
 k - 2 potions of lignification
 n - 4 potions of mutation
 z - 6 potions of haste
 A - 5 potions of curing
 E - 2 potions of heal wounds
 G - a potion of attraction {unknown}
 H - 2 potions of enlightenment
 J - 3 potions of ambrosia {unknown}


   Skills:
 - Level 9.0 Fighting
 - Level 8.0 Short Blades
 - Level 1.7 Dodging
 - Level 1.7 Stealth
 + Level 4.1 Spellcasting
 - Level 11.0 Conjurations
 - Level 2.0 Summonings
 - Level 1.0 Translocations
 - Level 3.0 Air Magic
 - Level 2.0 Poison Magic
 - Level 8.0 Invocations


You had 5 spell levels left.
You knew the following spells:

 Your Spells              Type           Power      Damage    Failure   Level
a - Magic Dart            Conj           100%       1d8       1%          1
b - Call Imp              Summ           20%        N/A       10%         2
c - Mephitic Cloud        Conj/Pois/Air  22%        N/A       4%          3
d - Iskenderun's Battles  Conj           43%        2d9       4%          5
B - Blink                 Tloc           14%        N/A       14%         2

Your spell library contained the following spells:

 Spells                   Type           Power      Damage    Failure   Level
 Kiss of Death            Conj/Necr      92%        2d12      1%          1
 Cigotuvi's Dreadful Rot  Necr/Pois/Air  18%        N/A       11%         2
 Slow                     Hex            12%        N/A       14%         1
 Confusing Touch          Hex            3%         N/A       41%         3
 Ozocubu's Armour         Ice            3%         N/A       41%         3
 Manifold Assault         Tloc           7%         N/A       67%         4
 Dispel Undead            Necr           3%         3d7       82%         4
 Metabolic Englaciation   Hex/Ice        1%         N/A       99%         5
 Leda's Unmaking          Conj/Erth      11%        9d3       93%         6
 Simulacrum               Ice/Necr       1%         N/A       100%        6
 Spellforged Servitor     Conj/Summ      13%        N/A       100%        7


Dungeon Overview and Level Annotations

Branches:
Dungeon (10/15)            Temple (0/1) D:5            Lair (1/5) D:8
  Sewer (visited)         Ossuary (visited)
    Orc: D:9-12

Altars:
Cheibriados
Gozag
Hepliaklqana
Kikubaaqudgha
Makhleb
Qazlal
Ru
Sif Muna
Trog
Uskayaw
Yredelemnul
The Shining One

Shops:
D:3 ?   D:7 =

Annotations:
D:9 exclusion: obsidian statue
D:10 1 transporter, Triskal's ghost, novice DsGl
Abyss:1 Gastronok, Maggie


Innate Abilities, Weirdness & Mutations

You can breathe wild blasts of lightning.
Your glossy black scales are hard. (AC +7)
You cannot fit into any form of body armour.
You are resistant to electric shocks. (rElec)
You are cold-blooded and may be slowed by cold attacks.


Message History

Casting: Iskenderun's Battlesphere (dangerous; 4% risk of failure)
Confirm with . or Enter, or press ? or * to list all spells.
Aiming: Magic Dart (safe; 1% risk of failure)
Press: ? - help, Shift-Dir - straight line, f/p - komodo dragon
Aim: a komodo dragon (moderately wounded, ally target, 100% to hit)
The magic dart hits the komodo dragon but does no damage.
The komodo dragon is moderately wounded.
Your battlesphere fires!
The barrage of energy hits the komodo dragon!
The komodo dragon is severely wounded.
The komodo dragon bites you!!
* * * LOW HITPOINT WARNING * * *
Your cerulean imp hits the komodo dragon from afar with a -3 spear.
Unknown command.
Casting: Magic Dart (safe; 1% risk of failure)
Confirm with . or Enter, or press ? or * to list all spells.
Aiming: Magic Dart (safe; 1% risk of failure)
Press: ? - help, Shift-Dir - straight line, f/p - komodo dragon
Aim: a komodo dragon (severely wounded, not watching you, ally target, 100% to hit)
The magic dart hits the komodo dragon but does no damage.
The komodo dragon is severely wounded.
Your battlesphere fires!
The barrage of energy hits the komodo dragon.
The komodo dragon is severely wounded.
The komodo dragon bites you.
* * * LOW HITPOINT WARNING * * *
Your cerulean imp misses the komodo dragon.
Unknown command.
Casting: Magic Dart (safe; 1% risk of failure)
Confirm with . or Enter, or press ? or * to list all spells.
Aiming: Magic Dart (safe; 1% risk of failure)
Press: ? - help, Shift-Dir - straight line, f/p - komodo dragon
Aim: a komodo dragon (severely wounded, ally target, 100% to hit)
The magic dart hits the komodo dragon but does no damage.
The komodo dragon is severely wounded.
Your battlesphere fires!
The barrage of energy hits the komodo dragon but does no damage.
The komodo dragon is severely wounded.
The komodo dragon bites you!
You die...

#...........~≈≈≈~≈~..........##
#.......~..~≈≈≈≈≈≈.≈..~....####
#...~~~..~≈≈~≈≈≈≈~..~~....###..
#.....~~.~≈≈≈≈≈≈~≈~~≈~........#
#....≈~≈~.~~~≈~≈≈≈≈~~≈...###.##
#...~≈≈≈~~..~.~5.≈≈≈≈.....##..#
#...~~~≈~~~.....~~≈≈≈~..#.###.#
#.............>l.~≈~~...#..##..
#....~~~~~~..†@.≈~≈.~~..##..##.
#......~≈≈~...~..~~~....##..##.
#...†~~≈≈≈≈≈~~.~*≈≈~~...##..###
#....~~≈≈~~≈~≈~≈≈~≈≈....##>..##
##....~~~..~~.~≈~..~....##...##
#...........~~.~....~...'...##
#...........~.........[.#...##
################........#...#
##########...#


You could see a komodo dragon (ally target), a friendly battlesphere and a
friendly cerulean imp (summoned).

Vanquished Creatures
  Pikel (D:6)
  A manticore (D:9)
  A black mamba (D:8)
  Joseph (D:8)
  A polar bear (Lair:1)
  2 trolls
  Grinder (D:5)
  6 yaks
  Grum (D:8)
  2 wyverns
  4 vampire mosquitoes (D:10)
  A steam dragon (D:7)
  Edmund (D:4)
  Menkaure (D:6)
  2 water moccasins
  2 black bears
  2 ice beasts (D:8)
  A sky beast (D:8)
  5 orc warriors
  4 wolves
  3 centaurs (D:9)
  2 lemures (D:5)
  A phantom (D:5)
  A kobold brigand (D:9)
  2 bullfrogs
  A scorpion (D:7)
  10 wights
  7 killer bees
  5 howler monkeys
  2 electric eels (D:8)
  A centaur zombie (Ossuary)
  7 hounds
  8 orc priests
  4 jellies
  A sleepcap (D:6)
  A gnoll bouda (D:8)
  4 orc wizards
  A mummy (Ossuary)
  A gnoll (D:4)
  8 adders
  6 river rats
  3 white imps
  2 ufetubi
  A worm (D:4)
  2 dart slugs
  27 orcs
  15 ball pythons
  5 bats
  6 endoplasms
  3 giant cockroaches
  6 hobgoblins
  A jackal (D:1)
  9 kobolds
  5 quokkas
  8 frilled lizards
  2 gnoll zombies (Ossuary)
  4 goblins
  A goblin zombie (Ossuary)
  A hobgoblin zombie (Ossuary)
  22 rats
239 creatures vanquished.

Vanquished Creatures (collateral kills)
  A hornet (D:8)
  A lemure (D:5)
  A killer bee (D:7)
  A centaur zombie (Ossuary)
  A jelly (D:3)
  A hound (D:5)
  An iguana (D:4)
  An orc wizard (D:3)
  2 adders
  A river rat (Sewer)
  2 worms
  A dart slug (D:4)
  6 orcs
  A ball python (D:4)
  A goblin (D:4)
  2 jackals (D:1)
  A frilled lizard (Sewer)
25 creatures vanquished.

Grand Total: 264 creatures vanquished

Notes
Turn   | Place    | Note
-------+----------+-------------------------------------------
     0 | D:1      | Midn8 the Draconian Hedge Wizard began the quest for the
                  | Orb.
     0 | D:1      | Reached XP level 1. HP: 14/14 MP: 4/4
   294 | D:1      | Reached skill level 2 in Conjurations
   367 | D:1      | Reached XP level 2. HP: 20/20 MP: 3/6
   399 | D:1      | Learned a level 2 spell: Call Imp
  1208 | D:1      | Reached XP level 3. HP: 26/26 MP: 2/7
  1961 | D:2      | Learned a level 2 spell: Blink
  2417 | D:3      | Found Onotunua's Magic Scroll Boutique.
  2432 | D:3      | Bought a scroll of identify for 20 gold pieces
  2432 | D:3      | Bought a scroll of teleportation for 30 gold pieces
  2432 | D:3      | Bought a scroll of blinking for 75 gold pieces
  2576 | D:3      | Reached XP level 4. HP: 19/33 MP: 1/10
  2655 | D:3      | Learned a level 3 spell: Mephitic Cloud
  3313 | D:3      | Reached skill level 3 in Conjurations
  3595 | D:4      | Reached XP level 5. HP: 34/38 MP: 2/11
  3623 | D:4      | Reached skill level 1 in Air Magic
  3623 | D:4      | Reached skill level 1 in Poison Magic
  3718 | D:4      | Found a basalt altar of Yredelemnul.
  3718 | D:4      | Found a glowing golden altar of the Shining One.
  3732 | D:4      | Found a stormy altar of Qazlal.
  3733 | D:4      | Noticed Edmund
  3838 | D:4      | Reached skill level 1 in Fighting
  4075 | D:4      | Found a shimmering blue altar of Sif Muna.
  4341 | D:4      | Became a worshipper of Sif Muna the Loreminder
  4525 | D:4      | Found a hide-covered altar of Uskayaw.
  4528 | D:4      | Found a snail-covered altar of Cheibriados.
  4678 | D:4      | Reached XP level 6. HP: 40/51 MP: 4/12
  5052 | D:4      | Found a hide-covered altar of Uskayaw.
  5273 | D:4      | Reached skill level 4 in Conjurations
  5317 | D:4      | Noticed a water moccasin
  5477 | D:5      | Entered Level 5 of the Dungeon
  5613 | D:5      | Noticed Grinder
  5669 | D:5      | Killed Grinder
  5670 | D:5      | Reached skill level 1 in Short Blades
  5670 | D:5      | Your scales start taking on a glossy black colour.
  5670 | D:5      | Reached XP level 7. HP: 53/59 MP: 0/13
  5670 | D:5      | Gained mutation: You are resistant to electric shocks.
                  | (rElec) [Black Draconian growth]
  5948 | D:5      | Found a sand-covered staircase.
  5966 | Ossuary  | Entered an ossuary
  5976 | Ossuary  | Reached * piety under Sif Muna
  6225 | D:5      | Found an ancient bone altar of Kikubaaqudgha.
  6725 | D:5      | Found a staircase to the Ecumenical Temple.
  7493 | D:6      | Found an opulent altar of Gozag.
  7682 | D:6      | Found a glowing drain.
  7719 | Sewer    | Entered a sewer
  7822 | Sewer    | Reached XP level 8. HP: 56/66 MP: 11/14
  7948 | Sewer    | Reached ** piety under Sif Muna
  8753 | D:5      | Reached skill level 5 in Fighting
  8995 | D:6      | Noticed Pikel
  9014 | D:6      | Killed Pikel
  9075 | D:6      | Noticed Menkaure
  9095 | D:6      | Killed Menkaure
  9558 | D:6      | Identified the +1 robe "Enguotsi" {rF+}
  9674 | D:7      | Reached skill level 5 in Invocations
  9903 | D:7      | Found a burning altar of Makhleb.
  9991 | D:7      | Noticed Maggie
 10039 | D:7      | Banished Maggie
 10040 | D:7      | Reached XP level 9. HP: 78/78 MP: 8/15
 10367 | D:7      | Found Asoel's One-of-a-Kind Rings.
 10994 | D:7      | Found a hazy altar of Hepliaklqana.
 11060 | D:8      | Noticed Gastronok
 11557 | D:8      | Reached *** piety under Sif Muna
 11561 | D:8      | Found a sacrificial altar of Ru.
 11571 | D:8      | Noticed Joseph
 11607 | D:8      | Killed Joseph
 11608 | D:8      | Reached skill level 5 in Conjurations
 11636 | D:8      | Noticed a troll
 11877 | D:8      | Killed a troll
 11878 | D:8      | Reached skill level 6 in Conjurations
 11878 | D:8      | Reached XP level 10. HP: 38/88 MP: 6/16
 12029 | D:8      | Learned a level 5 spell: Iskenderun's Battlesphere
 12317 | D:8      | Reached skill level 7 in Conjurations
 12586 | D:4      | Killed Edmund
 12721 | D:8      | Banished Gastronok
 12722 | D:8      | Reached skill level 8 in Conjurations
 12791 | D:8      | Noticed Grum
 12799 | D:8      | Reached skill level 9 in Conjurations
 12944 | D:8      | Found a staircase to the Lair.
 13183 | D:8      | Killed Grum
 13692 | D:9      | Noticed a manticore
 13701 | D:9      | Killed a manticore
 13894 | D:9      | Reached skill level 10 in Conjurations
 13896 | D:9      | Reached **** piety under Sif Muna
 13974 | D:9      | Noticed an obsidian statue
 13975 | D:9      | Noticed an orange demon
 14269 | D:9      | Reached XP level 11. HP: 93/97 MP: 6/17
 14359 | D:9      | Found a bloodstained altar of Trog.
 14875 | D:9      | Found the +7 staff of the Meek {protect, meekguard}
 15176 | D:10     | Entered Level 10 of the Dungeon
 15216 | D:10     | Reached skill level 11 in Conjurations
 15459 | D:10     | Noticed Triskal's ghost (novice DsGl)
 15459 | D:10     | Noticed a two-headed ogre
 15459 | D:10     | Identified the +1 dire flail "Geinawyt" {chaos, *Noise
                  | Str-2 Int+7 Dex+3}
 15459 | D:10     | Identified the +4 great mace of the Dead {antimagic, rF+
                  | rC++ Str+2}
 15459 | D:10     | Noticed a two-headed ogre
 15461 | D:10     | Found a transporter.
 15461 | D:10     | Noticed a two-headed ogre
 16443 | Lair:1   | Entered Level 1 of the Lair of Beasts
 16552 | Lair:1   | Noticed a boulder beetle
 16577 | D:8      | HP: 2/97 [komodo dragon (6)]
 16578 | D:8      | Mangled by a komodo dragon

Illustrated notes

Levels and vault maps discovered:
D:1:      dpeg_arrival_chambers_temple_mockup, layout_basic, nrook_uturn
D:2:      layout_loops_ring
D:3:      layout_basic, serial_shops, nicolae_shop_rolling_square,
          minmay_misc_feat_cross, serial_bayou_ford_a
D:4:      layout_loops_cross, mainiacjoe_overflow_catwalk,
          mainiacjoe_overflow_paths, nicolae_overflow_hidden_temple,
          minmay_ruined_shrine, uniq_edmund
D:5:      layout_basic, mainiacjoe_overflow_alcove_1,
          minmay_temple_entry_statues_pillars, serial_rivers,
          chequers_serial_rivers_micro_b, chequers_serial_rivers_large_b,
          chequers_serial_rivers_room_b, chequers_serial_rivers_room_b,
          chequers_serial_rivers_micro_e, chequers_serial_rivers_micro_c,
          nicolae_ossuary_entry_false_entrances, uniq_grinder
D:6:      layout_layer_cave, amcnicky_altar_gilded, portal_sewer_entry_b,
          sigmund_army, uniq_menkaure, uniq_pikel
D:7:      layout_loops_ring, makhleb_heckhound_becter,
          mainiacjoe_overflow_alcove_2, nicolae_shop_unique_rings,
          grunt_ministairs_2, uniq_maggie
D:8:      minmay_skewed_foursquare, layout_basic, kennysheep_mini_moat,
          erik_lair_island, kennysheep_generic_room_15, uniq_gastronok,
          uniq_joseph, uniq_grum
D:9:      layout_irregular_city, mainiacjoe_overflow_tiny_flanked, minivault_16,
          pf_guarded_unrand_meek
D:10:     layout_loops_ring, gammafunk_ghost_smash
Lair:1:   minmay_lair_oklob_tunnel, layout_misc_corridors,
          ebering_ghost_reflecting_pool, lemuel_fruit_fields

Skill      XL: |  1  2  3  4  5  6  7  8  9 10 11 |
---------------+----------------------------------+-----
Conjurations   | 2 3 4 6 10 11 | 11.0
Summonings     | 2 |  2.0
Spellcasting   | 4 |  4.1
Air Magic      | 1 2 3 |  3.0
Poison Magic   | 1 2 |  2.0
Fighting       | 3 4 6 8 9 |  9.0
Short Blades   | 1 4 6 8 |  8.0
Invocations    | 3 6 8 |  8.0
Dodging        | |  1.7
Stealth        | |  1.7
Translocations | |  1.0

Action                     |  1- 3 |  4- 6 |  7- 9 | 10-12 || total
---------------------------+-------+-------+-------+-------++-------
  Melee: Dagger            |    43 |    44 |    76 |       ||   163
         Tailslap          |     4 |    10 |    32 |    26 ||    72
         Punch             |       |     1 |     1 |     2 ||     4
         Rapier            |       |       |   108 |   193 ||   301
   Fire: Sling             |     1 |    17 |       |       ||    18
   Cast: Magic Dart        |    76 |   118 |   195 |   101 ||   490
         Call Imp          |     8 |    26 |    33 |     5 ||    72
         Mephitic Cloud    |       |     2 |    29 |    17 ||    48
         Iskenderun's Batt |       |       |       |    17 ||    17
         Blink             |       |       |       |     1 ||     1
 Invoke: Channel Magic     |       |       |       |     2 ||     2
Ability: Breathe Lightning |       |       |    15 |     7 ||    22
  Evoke: Wand              |       |       |     6 |       ||     6
    Use: Scroll            |     4 |       |     8 |     8 ||    20
         Potion            |       |       |     1 |     2 ||     3
   Stab: Sleeping          |     2 |       |     1 |     1 ||     4
         Distracted        |     1 |       |       |       ||     1
         Confused          |       |       |    16 |     5 ||    21
 Armour: Skin              |    23 |    49 |   247 |   150 ||   469
  Dodge: Dodged            |    34 |    64 |   186 |   108 ||   392

Table legend: (Time is in decaauts)
 A = Elapsed time spent in this place.
 B = Non-inter-level travel time spent in this place.
 C = Inter-level travel time spent in this place.
 D = Time resting spent in this place.
 E = Time spent auto-exploring this place.
 F = Levels seen in this place.
 G = Mean time per level.
                   A        B        C        D        E       F      G
               +--------+--------+--------+--------+--------+-----+--------+
         Total |  16650 |  15803 |    847 |   6146 |   6100 |  13 | 1280.8 |
       Dungeon |  15733 |  14886 |    847 |   5810 |   5887 |  10 | 1573.3 |
          Lair |     21 |     21 |      0 |      0 |      0 |   1 |   21.0 |
         Sewer |    849 |    849 |      0 |    336 |    212 |   1 |  849.0 |
       Ossuary |     46 |     46 |      0 |      0 |      0 |   1 |   46.0 |
               +--------+--------+--------+--------+--------+-----+--------+

Top non-repeatable levels by time:
     D:4: 2155 daAuts
     D:8: 2047 daAuts
     D:5: 1970 daAuts
     D:7: 1730 daAuts
     D:9: 1672 daAuts
     D:1: 1469 daAuts
     D:6: 1468 daAuts
     D:3: 1292 daAuts
    D:10: 1050 daAuts
     D:2: 877 daAuts
   Sewer: 849 daAuts
 Ossuary: 46 daAuts
  Lair:1: 21 daAuts
